 Dungeon Crawl Stone Soup version 0.32-a0-933-ga8fa3634e4 (webtiles) character file.

Game seed: 18090554000020156053

419 Daunt the Slasher (level 6, -1/44 HPs)
             Began as a Coglin Gladiator on Apr 15, 2024.
             Was a Believer of Cheibriados.
             Slain by a gnoll
             ... wielding a +0 halberd
              (6 damage)
             ... on level 4 of the Dungeon.
             The game lasted 00:12:51 (3088 turns).

Daunt the Slasher (Coglin Gladiator)                Turns: 3088, Time: 00:12:52

Health: -1/44      AC:  9    Str: 19    XL:     6   Next: 93%
Magic:  6/6        EV: 10    Int: 12    God:    Cheibriados [**....]
Gold:   92         SH:  0    Dex: 23    Spells: 5/5 levels left

rFire   + . .        a - +0 long sword {Jaspreet}
rCold   + + .        f - +0 dagger {Zhen}
rNeg    . . .        v - +2 scale mail {rC+}
rPois   +            c - +0 helmet
rElec   +            (no cloak)
rCorr   +            (no gloves)
SInv    .            (no boots)
Will    .....        (amulet unavailable)
Stlth   +            (ring unavailable)
HPRegen 0.27/turn    (ring unavailable)
MPRegen 0.10/turn    (no gizmo)

%: no passive effects
@: resistant, very slow
A: off-hand wielding, slow wielding, warmup strikes, no jewellery
a: Invent Gizmo, Renounce Religion, Bend Time


You were on level 4 of the Dungeon.
You worshipped Cheibriados.
Cheibriados was pleased with you.
You visited 1 branch of the dungeon, and saw 4 of its levels.

You collected 152 gold pieces.
You spent 60 gold pieces at shops.

Inventory:

Hand Weapons
 a - a +0 long sword (weapon) {Jaspreet}
 f - a +0 dagger (offhand) {Zhen}
Missiles
 b - 4 boomerangs
 d - 3 throwing nets (quivered)
 e - a javelin
 g - 22 stones
 q - 4 poisoned darts
Armour
 c - a +0 helmet (worn)
 v - a +2 scale mail of cold resistance (worn)
Wands
 i - a wand of iceblast (11)
 w - a wand of flame (17)
Scrolls
 k - 3 scrolls of fog {unknown}
 l - a scroll of teleportation
 m - a scroll of enchant armour {unknown}
 n - 3 scrolls of noise {unknown}
 p - a scroll of blinking {unknown}
 t - a scroll of revelation {unknown}
Potions
 h - 2 potions of haste
 j - a potion of mutation
 o - a potion of curing {unknown}
 r - a potion of magic {unknown}
 s - a potion of resistance
 u - a potion of invisibility {unknown}
 x - a potion of heal wounds {unknown}


   Skills:
 - Level 2.0 Fighting
 - Level 7.2 Long Blades
 + Level 1.8 Maces & Flails
 - Level 1.7 Throwing
 - Level 2.6 Dodging


You had 5 spell levels left.
You didn't know any spells.
Your spell library contained the following spells:

 Spells                   Type           Power      Damage    Failure   Level
 Static Discharge         Conj/Air       0%         3-3/arc   85%         2
 Airstrike                Air            0%         2d(0-16)  100%        4
 Summon Lightning Spire   Summ/Air       0%         N/A       100%        4


Dungeon Overview and Level Annotations

Branches:
Dungeon (4/15)
 Temple: D:4-7

Altars:
Cheibriados

Shops:
D:1 (=??   D:3 (


Innate Abilities, Weirdness & Mutations

You can wield a second weapon in your off-hand.
It takes a long time for you to wield or remove held weapons.
Your first few attacks do less damage.
You cannot equip rings or amulets.


Message History

The gnoll is moderately wounded.
You slash the gnoll with your +0 long sword!
You kill the gnoll!
Cheibriados appreciates the change of pace.
The quokka bites you.
The gnoll throws a throwing net.
The throwing net closely misses you. The quokka bites you.
You see here a throwing net.
The quokka attacks as it pursues you!
The quokka bites you but does no damage.
The quokka attacks as it pursues you!
The quokka bites you but does no damage.
The gnoll attacks as it pursues you! The gnoll misses you.
The quokka bites you but does no damage.
The gnoll hits you from afar with a +0 halberd!
The quokka attacks as it pursues you! The quokka closely misses you.
The gnoll attacks as it pursues you! The gnoll misses you.
The gnoll attacks as it pursues you! The gnoll closely misses you.
The quokka closely misses you. The gnoll attacks as it pursues you!
The gnoll hits you but does no damage. The quokka barely misses you.
The gnoll completely misses you. The gnoll barely misses you.
The quokka attacks as it pursues you! The quokka closely misses you.
The quokka bites you. The gnoll misses you.
The gnoll hits you from afar with a +0 halberd.
* * * LOW HITPOINT WARNING * * *
The quokka bites you but does no damage.
The quokka barely misses you.
The gnoll hits you from afar with a +0 halberd!
* * * LOW HITPOINT WARNING * * *
The quokka bites you but does no damage.
Okay, then.
Unknown command.
Unknown command.
It was a potion of resistance.
You feel protected. The gnoll barely misses you.
The gnoll hits you from afar with a +0 halberd.
You die...
Cheibriados appreciates the motionlessness of death.

...########## #............
###.........# ###............
#)........# #..............
###)........#######.......#######
...)......................#
......)...................#
.......(..................#
...######......g.......)..# ...#
#.....gr@...รท.....# ...#
#............<....# ...#
###########.......# ...#
#......#.### #### #.####.#.#
#.#..#.#.# #.#....#.# #.#....#.#
#.#.#....#


You could see 2 gnolls and a quokka.

Vanquished Creatures
  Sigmund (D:3)
  An orc priest (D:4)
  A sleepcap (D:3)
  An iguana (D:4)
  An orc wizard (D:3)
  Ijyb (D:3)
  Terence (D:3)
  A gnoll (D:4)
  3 adders
  A ribbon worm (D:2)
  A dart slug (D:2)
  7 orcs
  6 ball pythons
  4 bats
  7 endoplasms
  2 giant cockroaches (D:2)
  5 goblins
  2 hobgoblins
  3 quokkas
  A frilled lizard (D:3)
  5 kobolds
  7 rats
62 creatures vanquished.

Notes
Turn   | Place    | Note
-------+----------+-------------------------------------------
     0 | D:1      | Daunt the Coglin Gladiator began the quest for the Orb.
     0 | D:1      | Reached XP level 1. HP: 16/16 MP: 1/1
    27 | D:1      | Found Gestruas's Jewellery Shop.
   113 | D:1      | Found Gowum's Antique Weapon Boutique.
   264 | D:1      | Found Aguoba Nurgha's Magic Scroll Shoppe.
   330 | D:1      | Reached XP level 2. HP: 22/22 MP: 2/2
   496 | D:1      | Found Xugoen's Magic Scroll Shoppe.
   807 | D:1      | Bought a scroll of teleportation for 36 gold pieces
   962 | D:1      | Bought a scroll of identify for 24 gold pieces
  1057 | D:2      | Reached skill level 4 in Long Blades
  1118 | D:2      | Reached XP level 3. HP: 27/27 MP: 3/3
  1301 | D:2      | Found a faded altar of an unknown god.
  1315 | D:2      | Prayed at the altar of an unknown god.
  1315 | D:2      | Became a worshipper of Cheibriados the Contemplative
  1315 | D:2      | Reached * piety under Cheibriados
  1950 | D:3      | Reached XP level 4. HP: 28/33 MP: 4/4
  2061 | D:3      | Reached ** piety under Cheibriados
  2066 | D:3      | Noticed Terence
  2079 | D:3      | Killed Terence
  2080 | D:3      | Reached skill level 5 in Long Blades
  2090 | D:3      | Noticed Ijyb
  2107 | D:3      | Killed Ijyb
  2108 | D:3      | Reached XP level 5. HP: 24/38 MP: 5/5
  2178 | D:3      | Noticed Sigmund
  2394 | D:3      | Found Wuciutz's Weapon Emporium.
  2616 | D:4      | Noticed a phantom
  2617 | D:4      | Reached skill level 6 in Long Blades
  2747 | D:3      | Killed Sigmund
  2748 | D:3      | Reached skill level 7 in Long Blades
  2748 | D:3      | Reached XP level 6. HP: 38/44 MP: 6/6
  2986 | D:4      | Reached skill level 1 in Maces & Flails
  3088 | D:4      | Slain by a gnoll

Illustrated notes

Levels and vault maps discovered:
D:1:      elethiomel_arrival_quiet, layout_loops_ring, serial_shops,
          nicolae_shop_waterfront, nicolae_shop_rolled_up, nicolae_shop_stone,
          nicolae_shop_just_a_little_nook
D:2:      layout_loops_corners, ebering_ecumenical_altar_webs,
          nicolae_eternal_life
D:3:      layout_rooms, serial_shops, nicolae_shop_advertising_works
          [nicolae_subvault_shop_adworks], uniq_sigmund, uniq_terence, uniq_ijyb
D:4:      layout_basic, mainiacjoe_overflow_alcove_3, minmay_gold_behind_fungi

Skill      XL: |  1  2  3  4  5  6 |
---------------+-------------------+-----
Long Blades    | 4 5 7 |  7.2
Maces & Flails | 1 |  1.8
Fighting       | |  2.0
Throwing       | |  1.7
Dodging        | |  2.6

Action                     |  1- 3 |  4- 6 || total
---------------------------+-------+-------++-------
  Melee: Long sword        |    69 |    80 ||   149
         Dagger            |    62 |    78 ||   140
  Throw: Throwing net      |       |     1 ||     1
    Use: Scroll            |     1 |     1 ||     2
         Potion            |       |     1 ||     1
   Stab: Sleeping          |     2 |       ||     2
         Held in net/web   |       |     2 ||     2
 Armour: Leather armour    |    29 |       ||    29
         Scale mail        |    11 |    95 ||   106
  Dodge: Dodged            |    40 |    61 ||   101

Table legend: (Time is in decaauts)
 A = Elapsed time spent in this place.
 B = Non-inter-level travel time spent in this place.
 C = Inter-level travel time spent in this place.
 D = Time resting spent in this place.
 E = Time spent auto-exploring this place.
 F = Levels seen in this place.
 G = Mean time per level.
                   A        B        C        D        E       F      G
               +--------+--------+--------+--------+--------+-----+--------+
         Total |   3663 |   3156 |    507 |    112 |   2157 |   4 |  915.8 |
       Dungeon |   3663 |   3156 |    507 |    112 |   2157 |   4 |  915.8 |
               +--------+--------+--------+--------+--------+-----+--------+

Top non-repeatable levels by time:
     D:2: 1256 daAuts
     D:3: 1200 daAuts
     D:1: 863 daAuts
     D:4: 342 daAuts
